 Dungeon Crawl Stone Soup version 0.17.1-2-g5865329 (webtiles) character file.

28 Metrazal the Sneak (level 3, 18/18 HPs)
             Began as a Spriggan Assassin on Jan 24, 2016.
             Quit the game on level 2 of the Dungeon.
             The game lasted 00:19:52 (1249 turns).

Metrazal the Sneak (Spriggan Assassin)              Turns: 1249, Time: 00:19:52

Health: 18/18      AC:  3    Str:  7    XL:     3   Next: 0%
Magic:  4/4        EV: 20    Int: 12    God:
Gold:   43         SH:  0    Dex: 18    Spells: 0 memorised, 2 levels left

rFire  . . .     SeeInvis +     a - +2 dagger
rCold  . . .     Clarity  .     c - +0 robe
rNeg   . . .     SustAt   .     (shield restricted)
rPois  .         Gourm    .     (helmet restricted)
rElec  .         Spirit   .     d - +0 cloak
rCorr  .         Warding  .     (gloves unavailable)
rMut   .         Rnd*Tele +     (boots unavailable)
MR     .....                    (no amulet)
Stlth  ++++......               t - ring of teleportation (curse)
                                s - ring of flight

@: very quick, not resistant to hostile enchantments, stealthy
A: unfitting armour, see invisible, herbivore 3, speed 3, slow metabolism 2
a: Evoke Flight, Evoke Teleportation


You were on level 2 of the Dungeon.
You were not hungry.

You visited 1 branch of the dungeon, and saw 2 of its levels.

You collected 43 gold pieces.

Inventory:

Hand Weapons
 a - a +2 dagger (weapon)
 b - a +0 blowgun
Missiles
 e - 2 poisoned needles
 f - a curare-tipped needle
 i - 70 stones (quivered)
 m - 13 bolts
 p - 23 arrows of frost
Armour
 c - a +0 robe (worn)
 d - a +0 cloak (worn)
Jewellery
 s - a ring of flight (left hand)
 t - a cursed ring of teleportation (right hand)
Scrolls
 j - a scroll of noise
 n - a scroll of magic mapping
 q - a scroll of random uselessness {unknown}
Potions
 o - 2 potions of curing {unknown}
 r - a potion of ambrosia {unknown}
Comestibles
 g - 4 bread rations


   Skills:
 - Level 1.5 Fighting
 - Level 2.1 Short Blades
 - Level 2.0 Throwing
 + Level 4.4 Dodging
 - Level 5.8 Stealth


You had 2 spell levels left.
You didn't know any spells.

Dungeon Overview and Level Annotations

Branches:
Dungeon (2/15)

Altars:


Innate Abilities, Weirdness & Mutations

You are tiny and cannot use many weapons and most armour.
You have supernaturally acute eyesight.
You are a herbivore.
You cover ground extremely quickly.
You need consume almost no food.


Message History

You aren't carrying any rechargeable items.
Read which item? (? for menu, Esc to quit)
As you read the scroll labeled KYBOOH ILYDAKI, it crumbles to dust.
It is a scroll of enchant weapon.
Enchant which weapon? (? for menu, Esc to quit)
Really abort (and waste the scroll)? [Y]es or [N]o only, please.
Really abort (and waste the scroll)?
Uppercase [Y]es or [N]o only, please.
Really abort (and waste the scroll)? [Y]es or [N]o only, please.
Really abort (and waste the scroll)?
Uppercase [Y]es or [N]o only, please.
Really abort (and waste the scroll)?
Uppercase [Y]es or [N]o only, please.
Really abort (and waste the scroll)?
Uppercase [Y]es or [N]o only, please.
Really abort (and waste the scroll)?
Okay, then.
Are you sure you want to abandon this character and quit the game? (Confirm with "yes".)

**,<,,,,*,,,,,,,**,**,
**#.****,,,,,,,**,**, #.*
*,,,,,,,**,**, #.* *,,,.,,,**,,,,
#.* #....,,,****#. #.* #......>*
#. ******* #.####.......* #.
*,,,,,** #...........#* #.
,,,8,,,** #.@.#*#.....# #.
,,,,,,,,* ###...####...### #.
⌠,_,_,⌠,* #......#.......# #.
,,,,,,,,* #.#....#.##.#..#####.
,,,8,,,*****#...........#........
*,,,,,**,,,*#...........#.##.####
***+******,*#....#.#.##.#.##.####
,,*,,*****,*#.####.#.#....##.##..
,,**,,,,,,,*#.,,,..#......##.##)#


There were no monsters in sight!

Vanquished Creatures
  A giant gecko (D:1)
  2 bats
  A giant cockroach (D:1)
  6 hobgoblins
  4 jackals (D:1)
  3 giant newts (D:1)
  4 kobolds (D:1)
  4 rats
25 creatures vanquished.

Notes
Turn   | Place    | Note
--------------------------------------------------------------
     0 | D:1      | Metrazal the Spriggan Assassin began the quest for the Orb.
     0 | D:1      | Reached XP level 1. HP: 10/10 MP: 2/2
   449 | D:1      | Reached XP level 2. HP: 14/14 MP: 3/3
  1182 | D:2      | Reached XP level 3. HP: 18/18 MP: 4/4
  1249 | D:2      | Quit the game

Action                   || total
-------------------------++-------
Melee: Dagger            ||    26
 Fire: Blowgun           ||    36
  Use: Scroll            ||     4
 Stab: Sleeping          ||    13
       Distracted        ||     1
